Selects Air and Sea Battlegroup
Construct Section Command Post
Construct Platoon Command Post
Unlock Bishop Self-propelled Artillery
Selects Commando Section Paradrop
Selects M1 Pack Howitzer Paradrop
Commando Section Paradrop
Bishop Self-propelled Artillery
Bishop Self-propelled Artillery
6-pounder Anti-tank Gun Team
Construct Company Command Post
Commando Section Paradrop
Selects Anti-tank Rocket Loiter
Unlock M3 Grant Medium Tanks
Commando Section Paradrop
Selects Naval Bombardment